 Dungeon Crawl Stone Soup version 0.21.1-1-g345015f (webtiles) character file.

11737 HammerPanzer the Bludgeoner (level 11, -3/159 HPs)
             Began as a Minotaur Berserker on Mar 31, 2018.
             Was the Champion of Trog.
             Slain by an unseen horror (7 damage)
             ... on level 11 of the Dungeon.
             The game lasted 00:31:30 (9561 turns).

HammerPanzer the Bludgeoner (Minotaur Berserker)    Turns: 9561, Time: 00:31:31

Health: -3/159     AC: 15    Str: 28    XL:     11   Next: 53%
Magic:  3/3        EV:  8    Int:  6    God:    Trog [******]
Gold:   627        SH:  0    Dex: 10    Spells: 10/10 levels left

rFire    + . .     SeeInvis .   L - +6 great mace (antimagic)
rCold    . . .     Gourm    .   (shield currently unavailable)
rNeg     . . .     Faith    .   v - +0 plate armour
rPois    +         Spirit   .   z - +1 hat
rElec    .         Reflect  .   h - +0 cloak
rCorr    .         Harm     .   e - +0 pair of gloves
MR       .....                  H - +0 pair of boots
Stlth    ..........             d - amulet of magic regeneration
HPRegen  0.36/turn              x - ring of protection from fire
MPRegen  0.33/turn              C - ring of poison resistance

@: berserking (expiring), drained, very quick
A: retaliatory headbutt, horns 2
a: Berserk, Trog's Hand, Brothers in Arms, Burn Spellbooks, Renounce Religion


You were on level 11 of the Dungeon.
You worshipped Trog.
Trog was exalted by your worship.
You were not hungry.

You visited 1 branch of the dungeon, and saw 11 of its levels.

You collected 627 gold pieces.

Inventory:

Hand Weapons
 q - a +1 mace of protection
 L - a +6 antimagic great mace (weapon)
 M - a +0 flail of draining
Missiles
 A - 8 poisoned javelins (quivered)
Armour
 e - a +0 pair of gloves (worn)
 h - a +0 cloak (worn)
 v - a +0 plate armour (worn)
 z - a +1 hat (worn)
 D - a +0 shield
 H - a +0 pair of boots (worn)
Jewellery
 d - an amulet of magic regeneration (around neck)
 t - a +4 ring of slaying {unknown}
 x - a ring of protection from fire (left hand)
 C - a ring of poison resistance (right hand)
Wands
 y - a wand of flame (28)
 B - a wand of clouds (7)
 G - a wand of acid (12)
 O - a wand of iceblast (9)
Scrolls
 b - a scroll of noise {unknown}
 f - 5 scrolls of teleportation
 g - 6 scrolls of remove curse
 j - 2 scrolls of enchant weapon
 p - a scroll of torment {unknown}
 u - a scroll of enchant armour {unknown}
 E - a scroll of fear {unknown}
 F - 2 scrolls of fog {unknown}
 I - 2 scrolls of blinking
 J - a scroll of magic mapping {unknown}
 N - a scroll of identify
Potions
 a - a potion of invisibility {unknown}
 i - a potion of brilliance {unknown}
 k - 9 potions of degeneration {unknown}
 l - a potion of haste {unknown}
 m - 3 potions of magic
 n - 2 potions of resistance {unknown}
 o - 6 potions of curing
 r - a potion of lignification {unknown}
 s - 3 potions of flight
 w - 3 potions of heal wounds {unknown}
Comestibles
 c - 30 rations
 K - 9 chunks of flesh


   Skills:
 + Level 12.9(12.6) Fighting
 * Level 17.0(16.8) Maces & Flails
 - Level 2.4(2.2) Armour
 - Level 2.1(2.0) Dodging


You had 10 spell levels left.
You didn't know any spells.

Dungeon Overview and Level Annotations

Branches:
Dungeon (11/15)            Temple (0/1) D:7            Lair (0/6) D:9
    Orc: D:9-12

Altars:
Ashenzari
Dithmenos
Fedhas
Hepliaklqana
Kikubaaqudgha
Nemelex Xobeh
Qazlal
Ru
Trog
Vehumet

Shops:
D:8 ?

Annotations:
D:11 Fannar


Innate Abilities, Weirdness & Mutations

You reflexively headbutt those who attack you in melee.
You have a pair of horns on your head.


Message History

Fannar is severely wounded.
Something completely misses you.
The orc wizard gestures wildly while chanting.
The orc wizard blinks!
Fannar hits you but does no damage.
You barely miss Fannar. You headbutt Fannar!
Fannar is severely wounded.
Something hits you!
* * * LOW HITPOINT WARNING * * *
The skeletal warrior hits you with a short sword!
* * * LOW HITPOINT WARNING * * *
The orc warrior hits you with a scimitar.
* * * LOW HITPOINT WARNING * * *
You hit Fannar but do no damage. Your headbutt misses Fannar.
Fannar is severely wounded.
Fannar barely misses you. Something hits you but does no damage.
The skeletal warrior hits you but does no damage.
You miss Fannar.
Fannar is severely wounded.
Something hits you!
You die...

≈.# § ...... o #≈≈....
z#.≈≈....
################o.≈≈....
≈≈≈≈≈≈≈≈≈≈≈≈≈≈≈≈≈≈8≈.z..
≈≈≈≈≈≈≈≈≈≈≈≈≈≈≈≈≈≈≈8z...
.................e......
................@o.....#
.................z.....#
.......................#
.......................#
##.....................#
#...#################.#
#...# # #...# ...


You could see Fannar, 4 skeletal warriors, an orc warrior, an orc priest and an
orc.

Vanquished Creatures
  Psyche (D:9)
  2 centaur zombies
  A queen bee (D:9)
  A troll (D:9)
  Grinder (D:6)
  2 hippogriffs
  21 yaks
  A wyvern (D:9)
  A water elemental (D:11)
  A vampire (D:11)
  A basilisk (D:9)
  A hungry ghost (D:7)
  2 sky beasts
  2 porcupines (D:9)
  2 ice beasts
  An orc warrior (D:6)
  2 phantoms (D:9)
  2 ogres
  A necrophage (D:8)
  8 centaurs
  4 crocodiles (D:9)
  2 big kobolds
  6 bullfrogs
  5 scorpions
  37 killer bees
  6 wights
  An electric eel (D:11)
  4 crimson imps
  A bullfrog zombie (D:6)
  8 hounds
  A quasit (D:6)
  5 jellies
  2 orc priests (D:7)
  2 bullfrog skeletons
  11 orc wizards
  4 iguanas
  7 worker ants
  A killer bee simulacrum (D:8)
  11 gnolls
  12 adders
  2 shadow imps
  A white imp (D:8)
  A howler monkey simulacrum (D:8)
  2 ufetubi (D:8)
  3 oozes
  An adder zombie (D:8)
  A worm (D:2)
  4 dart slugs
  An adder simulacrum (D:8)
  8 leopard geckos
  24 orcs
  11 bats
  2 giant cockroaches
  8 goblins
  8 hobgoblins
  9 jackals
  15 kobolds
  6 quokkas
  5 ball pythons
  6 frilled lizards
  A quokka simulacrum (D:8)
  A quokka skeleton (D:4)
  11 rats
315 creatures vanquished.

Vanquished Creatures (others)
  A fungus (D:9)
  3 plants (D:9)
4 creatures vanquished.

Grand Total: 319 creatures vanquished

Notes
Turn   | Place    | Note
-------+----------+-------------------------------------------
     0 | D:1      | HammerPanzer the Minotaur Berserker began the quest for the Orb.
     0 | D:1      | Reached XP level 1. HP: 19/19 MP: 0/0
    27 | D:1      | Reached skill level 4 in Maces & Flails
   197 | D:1      | Reached XP level 2. HP: 23/27 MP: 1/1
   619 | D:1      | Reached ** piety under Trog
   623 | D:1      | Reached XP level 3. HP: 29/33 MP: 2/2
   890 | D:2      | Reached skill level 5 in Maces & Flails
   967 | D:2      | Reached XP level 4. HP: 41/41 MP: 3/3
  1499 | D:3      | Reached *** piety under Trog
  1523 | D:3      | Reached skill level 6 in Maces & Flails
  1523 | D:3      | Reached XP level 5. HP: 35/47 MP: 4/4
  1606 | D:3      | Reached skill level 5 in Fighting
  1652 | D:3      | Found a sparkling altar of Nemelex Xobeh.
  1942 | D:4      | Found the +4 Vampire's Tooth {vamp}
  2086 | D:4      | Noticed a sky beast
  2105 | D:4      | Killed a sky beast
  2105 | D:4      | Reached skill level 7 in Maces & Flails
  2105 | D:4      | Reached XP level 6. HP: 27/57 MP: 5/5
  2531 | D:4      | Found a bloodstained altar of Trog.
  2619 | D:4      | Reached **** piety under Trog
  2709 | D:4      | Reached skill level 8 in Maces & Flails
  2750 | D:4      | Reached XP level 7. HP: 55/63 MP: 6/6
  2794 | D:4      | Found a bloodstained altar of Trog.
  2802 | D:4      | Found a radiant altar of Vehumet.
  2805 | D:4      | Found a shadowy altar of Dithmenos.
  2824 | D:4      | Found a sacrificial altar of Ru.
  2974 | D:5      | Entered Level 5 of the Dungeon
  3099 | D:5      | Found a radiant altar of Vehumet.
  3150 | D:5      | Reached skill level 9 in Maces & Flails
  3248 | D:5      | Found a blossoming altar of Fedhas.
  3251 | D:5      | Found an ancient bone altar of Kikubaaqudgha.
  3303 | D:5      | Found a stormy altar of Qazlal.
  3857 | D:6      | Noticed Grinder
  3872 | D:6      | Killed Grinder
  3872 | D:6      | Reached skill level 10 in Maces & Flails
  3872 | D:6      | Reached XP level 8. HP: 58/73 MP: 7/7
  4094 | D:6      | Found a shattered altar of Ashenzari.
  4226 | D:6      | Reached skill level 11 in Maces & Flails
  5142 | D:7      | Found a staircase to the Ecumenical Temple.
  5163 | D:7      | Reached XP level 9. HP: 66/82 MP: 8/8
  5234 | D:7      | Reached skill level 12 in Maces & Flails
  5279 | D:7      | Reached ***** piety under Trog
  5391 | D:7      | Found a hazy altar of Hepliaklqana.
  5788 | D:8      | Reached skill level 13 in Maces & Flails
  5799 | D:8      | Reached skill level 10 in Fighting
  5985 | D:8      | Found Caymix's Magic Scroll Shoppe.
  6568 | D:9      | Reached XP level 10. HP: 91/94 MP: 9/9
  6571 | D:9      | Reached skill level 14 in Maces & Flails
  7041 | D:9      | Reached skill level 15 in Maces & Flails
  7251 | D:9      | Received a gift from Trog
  7350 | D:9      | Noticed Psyche
  7356 | D:9      | Killed Psyche
  7358 | D:9      | Reached XP level 11. HP: 92/104 MP: 3/10
  7368 | D:9      | Reached skill level 16 in Maces & Flails
  7382 | D:9      | Found a staircase to the Lair.
  8348 | D:10     | Entered Level 10 of the Dungeon
  9465 | D:11     | Reached ****** piety under Trog
  9465 | D:11     | Received a gift from Trog
  9474 | D:11     | Reached skill level 17 in Maces & Flails
  9541 | D:11     | Noticed Fannar
  9548 | D:11     | Noticed a skeletal warrior
  9549 | D:11     | Noticed a skeletal warrior
  9553 | D:11     | Noticed a skeletal warrior
  9554 | D:11     | Noticed a skeletal warrior
  9559 | D:11     | HP: 3/159 [orc warrior/scimitar (5)]
  9561 | D:11     | Slain by an unseen horror

Skill      XL: |  1  2  3  4  5  6  7  8  9 10 11 |
---------------+----------------------------------+-----
Maces & Flails | 4 5 6 7 8 10 11 13 15 17 | 17.0
Fighting       | 4 5 6 7 8 10 12 | 12.9
Armour         | |  2.4
Dodging        | |  2.1

Action                   |  1- 3 |  4- 6 |  7- 9 | 10-12 || total
-------------------------+-------+-------+-------+-------++-------
Melee: Mace              |    73 |   174 |   366 |   166 ||   779
       Headbutt          |    13 |    28 |    64 |    60 ||   165
       Great mace        |       |       |       |   192 ||   192
Throw: Javelin           |       |       |     2 |     3 ||     5
Invok: Berserk           |     1 |       |     6 |     9 ||    16
       Burn Spellbooks   |       |     1 |     3 |     2 ||     6
  Use: Scroll            |       |       |     8 |     4 ||    12
       Potion            |       |       |       |     1 ||     1
  Eat: Chunk             |     1 |     6 |    13 |    15 ||    35
       Ration            |       |       |     2 |     1 ||     3
Armor: Animal skin       |     3 |       |       |       ||     3
       Leather armour    |    34 |    28 |       |       ||    62
       Chain mail        |       |    52 |    88 |       ||   140
       Plate armour      |       |       |   175 |   265 ||   440
Dodge: Dodged            |    59 |    77 |   105 |   132 ||   373
Block: Shield            |       |       |    49 |    41 ||    90
